 Dungeon Crawl Stone Soup version 0.31.0-10-gcf4a605ca0 (webtiles) character file.

Game seed: 1653043245130362945

33205 Esekla the Thaumaturge (level 13, -2/68 HPs)
             Began as a Vine Stalker Cinder Acolyte on Jan 24, 2024.
             Was a Priest of Ignis.
             Slain by a catoblepas (30 damage)
             ... on level 4 of the Lair of Beasts on Jan 25, 2024.
             The game lasted 02:16:38 (21536 turns).

Esekla the Thaumaturge (VSCA)                      Turns: 21536, Time: 02:16:39

Health: -2/68      AC:  4    Str: 18    XL:     13   Next: 69%
Magic:  0/32       EV: 12    Int: 24    God:    Ignis [***...]
Gold:   40         SH:  0    Dex: 10    Spells: 8/40 levels left

rFire   + . .        v - +2 dagger (venom)
rCold   . . .        (no shield)
rNeg    . . .        H - +0 troll leather armour
rPois   .            (no helmet)
rElec   .            (no cloak)
rCorr   .            (no gloves)
SInv    +            q - +0 pair of boots
Will    ++...        b - amulet "Cuigis" {Acrobat Will+}
Stlth   ++           A - ring of see invisible
HPRegen 1.91/turn    E - +6 ring of intelligence
MPRegen 0.23/turn

%: acrobat, guardian spirit
@: no status effects
A: fangs 3, regeneration 1, magic shield, antimagic bite, no potion heal 2
a: Renounce Religion, Fiery Armour, Foxfire Swarm, Rising Flame


You were on level 4 of the Lair of Beasts.
You worshipped Ignis.
Ignis was most pleased with you.
You visited 4 branches of the dungeon, and saw 17 of its levels.

You collected 1294 gold pieces.
You spent 1254 gold pieces at shops.

Inventory:

Hand Weapons
 a - a +5 scimitar of freezing
 f - a -1 falchion of flaming
 r - a +4 trident of draining
 v - a +2 dagger of venom (weapon)
 w - a +4 dagger of holy wrath
 x - a +2 vampiric dagger
Missiles
 d - 20 poisoned darts
 l - 8 boomerangs (quivered)
 s - 4 curare-tipped darts
Armour
 n - a +0 robe of fire resistance
 q - a +0 pair of boots (worn)
 u - +0 steam dragon scales
 y - the +0 robe of Agnosticism {rC+ rCorr Int+2}
   (You found it on level 7 of the Dungeon)

   Int+2:     It affects your intelligence (+2).
   rC+:       It protects you from cold.
   rCorr:     It protects you from acid and corrosion.
 H - a +0 troll leather armour (worn)
 O - a +0 buckler
Jewellery
 b - the amulet "Cuigis" (around neck) {Acrobat Will+}
   (You found it on level 2 of the Lair of Beasts)

   [amulet of the acrobat]

   Acrobat:   It increases your evasion while moving and waiting.
   Will+:     It increases your willpower.
 A - a ring of see invisible (left hand)
 B - a ring of fire
 E - a +6 ring of intelligence (right hand)
 J - a ring of ice
 Q - an amulet of faith
Wands
 c - a wand of flame (50)
 m - a wand of iceblast (18)
 C - a wand of mindburst (9)
 D - a wand of light (6)
 T - a wand of digging (7)
Scrolls
 e - 3 scrolls of enchant weapon
 h - 3 scrolls of amnesia
 k - a scroll of teleportation
 o - a scroll of silence {unknown}
 p - 4 scrolls of poison
 t - 3 scrolls of blinking
 G - 2 scrolls of acquirement {unknown}
 K - 2 scrolls of noise {unknown}
 L - a scroll of brand weapon {unknown}
 M - a scroll of revelation
Potions
 g - a potion of curing
 i - a potion of attraction
 j - a potion of haste
 z - 2 potions of resistance
 F - 2 potions of enlightenment
 I - a potion of ambrosia {unknown}
 N - a potion of cancellation
 P - 3 potions of brilliance
 R - 3 potions of berserk rage {unknown}
 S - a potion of invisibility {unknown}


   Skills:
 * Level 8.2 Fighting
 + Level 3.6(4.3) Short Blades
 + Level 3.4(4.2) Long Blades
 + Level 1.6 Throwing
 * Level 4.2 Armour
 + Level 3.7 Dodging
 + Level 3.3 Stealth
 * Level 14.3 Spellcasting
 * Level 3.6 Conjurations
 * Level 5.3 Necromancy
 + Level 4.2 Translocations
 + Level 8.3 Fire Magic
 + Level 6.8 Ice Magic
 * Level 0.6 Air Magic
 * Level 2.5 Alchemy
 + Level 0.2 Evocations


You had 8 spell levels left.
You knew the following spells:

 Your Spells              Type           Power      Damage    Failure   Level
a - Ozocubu's Armour      Ice            49%        N/A       1%          3
b - Blink                 Tloc           74%        N/A       1%          2
d - Vampiric Draining     Necr           42%        2d9       1%          3
e - Searing Ray           Conj           68%        2d6       1%          2
i - Iskenderun's Mystic   Conj/Tloc      36%        2d9       8%          4
k - Airstrike             Air            10%        2d(2-18)  30%         4
o - Scorch                Fire           100%       2d9       1%          2
p - Apportation           Tloc           74%        N/A       1%          1
r - Frozen Ramparts       Ice            98%        1d15      1%          3
s - Summon Lightning Spi  Summ/Air       18%        N/A       34%         4
x - Olgreb's Toxic Radia  Alch           29%        N/A       14%         4

Your spell library contained the following spells:

 Spells                   Type           Power      Damage    Failure   Level
 Necrotise                Necr           100%       1d9       1%          1
 Sting                    Conj/Alch      100%       1d9       1%          1
 Cigotuvi's Dreadful Rot  Necr/Alch/Air  60%        N/A       1%          2
 Static Discharge         Conj/Air       54%        3-6/arc   2%          2
 Gell's Gravitas          Tloc           37%        N/A       2%          3
 Teleport Other           Tloc           37%        N/A       2%          3
 Summon Small Mammal      Summ           68%        N/A       4%          1
 Dispel Undead            Necr           42%        3d17      4%          4
 Fulminant Prism          Conj/Alch      16%        3d10      11%         4
 Martyr's Knell           Necr/Summ      30%        N/A       13%         4
 Curse of Agony           Necr           42%        N/A       13%         5
 Leda's Liquefaction      Alch/Erth      11%        N/A       24%         4
 Petrify                  Alch/Erth      23%        N/A       24%         4
 Metabolic Englaciation   Hex/Ice        16%        N/A       28%         5
 Death Channel            Necr           21%        N/A       56%         6
 Sculpt Simulacrum        Ice/Alch       19%        N/A       65%         6
 Dispersal                Tloc           18%        N/A       73%         6
 Ozocubu's Refrigeration  Ice            24%        4d12      91%         7
 Discord                  Hex            8%         N/A       100%        8


Dungeon Overview and Level Annotations

Branches:
Dungeon (11/15)            Temple (1/1) D:7            Lair (4/5) D:11
  Swamp (0/4) Lair:3       Spider (0/4) Lair:2          Orc (1/2) D:11
  Slime: Lair:4-5

Altars:
Ashenzari
Cheibriados
Dithmenos
Elyvilon
Fedhas
Gozag
Hepliaklqana
Kikubaaqudgha
Makhleb
Nemelex Xobeh
Okawaru
Qazlal
Ru
Sif Muna
Trog
Uskayaw
Vehumet
Wu Jian
Xom
Yredelemnul
Zin
The Shining One

Shops:
D:4 [[[*[   D:6 ::   D:7 *   D:11 :

Annotations:
D:8 exclusion: oklob sapling
D:10 exclusion: ice statue
Lair:2 exclusion: oklob plant
Orc:1 Jorgrun


Innate Abilities, Weirdness & Mutations

You have razor-sharp teeth.
Your natural rate of healing is unusually fast.
When hurt, damage is shared between your health and your magic reserves.
Your bite disrupts and absorbs the magic of your enemies.
Potions cannot restore your health.


Message History

The catoblepas gores you!
You hit the catoblepas.
The catoblepas looks as sick as possible!
You bite the catoblepas! You drain its power.
You feel invigorated.
The catoblepas is lightly wounded.
Casting: Iskenderun's Mystic Blast (dangerous; 8% risk of failure)
Confirm with . or Enter, or press ? or * to list all spells.
Flames lash the catoblepas.
The catoblepas is moderately wounded.
The catoblepas's fire resistance burns away.
The catoblepas gores you.
Casting: Scorch (safe; 1% risk of failure)
Confirm with . or Enter, or press ? or * to list all spells.
Flames lash the catoblepas.
The catoblepas is burned terribly!
The catoblepas is heavily wounded.
The catoblepas gores you!!
Casting: Scorch (safe; 1% risk of failure)
Confirm with . or Enter, or press ? or * to list all spells.
Flames lash the catoblepas.
The catoblepas is burned terribly!
The catoblepas is severely wounded.
The catoblepas closely misses you.
Casting: Scorch (safe; 1% risk of failure)
Confirm with . or Enter, or press ? or * to list all spells.
Flames lash the catoblepas but do no damage.
The catoblepas gores you but does no damage.
Casting: Scorch (safe; 1% risk of failure)
Confirm with . or Enter, or press ? or * to list all spells.
Flames lash the catoblepas.
The catoblepas is burned terribly!
The catoblepas is almost dead.
The catoblepas gores you!!
Casting: Scorch (safe; 1% risk of failure)
Confirm with . or Enter, or press ? or * to list all spells.
Flames lash the catoblepas but do no damage.
The catoblepas misses you.
Casting: Scorch (safe; 1% risk of failure)
Confirm with . or Enter, or press ? or * to list all spells.
Flames lash the catoblepas.
The catoblepas is burned terribly!
The catoblepas is almost dead.
The catoblepas gores you!!
You die...

###......#
#....####........#..##
..####...# ##....#
#..........### ###
#.### #...##
##...##..### # ## #.##
#.<.# #.........## #
.# ####.## ##...##
#..........# # ##
#..#..# #.....#
##........## # #
##...## #....##
#.#.....## # # #...#
##..Y## #.##...## ###
# #...##
#...@########### #.. #
##....# ##.....#####
#.. # #P....#
#.....##.P### ##.. ##
##....#
#.#.......#.#####...
.# #....##
###.................
.# ##..#.##
###..<...........# .#
##....##
#P............## .#
##.P..##
##....####.#.## .###
#P....## ###.## #####


You could see a catoblepas (very poisoned, combustible).

Vanquished Creatures
  3 boulder beetles
  3 death yaks
  A pharaoh ant (Lair:2)
  Pikel (D:6)
  An orc knight (Orc:1)
  A cyclops (D:11)
  Maurice (D:8)
  A torpor snail (Lair:4)
  Joseph (D:8)
  2 gargoyles
  Jeremiah (D:8)
  Maggie (D:8)
  6 cane toads
  An unseen horror (D:11)
  3 rime drakes
  Psyche (D:9)
  10 komodo dragons
  5 trolls
  A polar bear (Lair:2)
  3 hornets
  A tarantella (Lair:2)
  Prince Ribbit (D:8)
  16 blink frogs
  5 dream sheep (Lair:3)
  A vampire (D:10)
  2 basilisks (Lair:2)
  A water elemental (D:11)
  3 wyverns
  27 yaks
  4 vampire mosquitoes (D:10)
  A steam dragon (D:7)
  Duvessa (D:6)
  10 water moccasins
  Edmund (D:4)
  13 orc warriors
  A black bear (Lair:3)
  5 ice beasts
  3 ogres
  8 wolves
  6 centaurs
  3 kobold brigands
  2 lemures (D:6)
  14 bullfrogs
  6 scorpions
  Dowan (D:5)
  11 wights
  9 killer bees
  4 electric eels (D:11)
  3 howler monkeys (D:8)
  A bombardier beetle (D:6)
  4 jellies
  8 hounds
  14 orc priests
  A gnoll bouda (D:5)
  Jessica (D:3)
  Terence (D:3)
  5 iguanas
  Natasha (thrice) (D:3)
  12 orc wizards
  6 adders
  10 gnolls
  A shadow imp (D:6)
  A white imp (D:7)
  2 ufetubi (D:6)
  3 ribbon worms (D:2)
  2 dart slugs
  59 orcs
  10 ball pythons
  9 endoplasms
  3 giant cockroaches
  9 goblins
  8 hobgoblins
  8 jackals
  27 kobolds
  7 quokkas
  2 bats
  3 frilled lizards
  5 rats
435 creatures vanquished.

Vanquished Creatures (others)
  An orc wizard (D:5)
  A butterfly (Lair:3)
2 creatures vanquished.

Grand Total: 437 creatures vanquished

Notes
Turn   | Place    | Note
-------+----------+-------------------------------------------
     0 | D:1      | Esekla the Vine Stalker Cinder Acolyte began the quest for
                  | the Orb.
     0 | D:1      | Reached XP level 1. HP: 11/11 MP: 3/3
   123 | D:1      | Reached XP level 2. HP: 16/16 MP: 4/4
   126 | D:1      | Learned a level 2 spell: Scorch
   379 | D:1      | Reached XP level 3. HP: 17/20 MP: 6/6
   986 | D:2      | Found a sparkling altar of Nemelex Xobeh.
  1074 | D:2      | Found a faded altar of an unknown god.
  1078 | D:2      | Reached XP level 4. HP: 24/24 MP: 2/7
  1717 | D:3      | Noticed Terence
  1828 | D:3      | Noticed Jessica
  1860 | D:3      | Killed Jessica
  1861 | D:3      | Reached skill level 1 in Short Blades
  1861 | D:3      | Reached skill level 2 in Spellcasting
  1997 | D:3      | Noticed Natasha
  2006 | D:4      | Found Kyosal's Armour Emporium.
  2050 | D:4      | Found a white marble altar of Elyvilon.
  2121 | D:4      | Noticed Edmund
  2162 | D:3      | Reached XP level 5. HP: 28/28 MP: 9/9
  2215 | D:3      | Killed Terence
  2216 | D:3      | Reached skill level 1 in Dodging
  2461 | D:3      | Killed Natasha
  2649 | D:3      | Noticed Natasha
  2654 | D:3      | Killed Natasha
  2717 | D:3      | Noticed Natasha
  2722 | D:3      | Killed Natasha
  2723 | D:3      | Reached skill level 3 in Spellcasting
  2723 | D:3      | Reached XP level 6. HP: 33/33 MP: 6/11
  2848 | D:4      | Killed Edmund
  2854 | D:4      | Found Larux's Armour Boutique.
  2909 | D:4      | Found Nefes's Armour Shoppe.
  2913 | D:4      | Found Piazebba's General Store.
  2920 | D:4      | You fall into a shaft and drop 1 floor!
  2920 | D:5      | Entered Level 5 of the Dungeon
  2948 | D:5      | Noticed an ice beast
  2989 | D:4      | Found Wilod's Armour Shop.
  3070 | D:4      | Reached skill level 4 in Spellcasting
  3564 | D:5      | Killed an ice beast
  3565 | D:5      | Reached skill level 1 in Stealth
  3565 | D:5      | Reached XP level 7. HP: 28/37 MP: 3/14
  3934 | D:5      | Reached skill level 5 in Spellcasting
  4091 | D:5      | Gained mutation: You have razor-sharp teeth. [Vine Stalker
                  | growth]
  4091 | D:5      | Reached XP level 8. HP: 42/42 MP: 17/17
  4302 | D:5      | Reached skill level 6 in Spellcasting
  4749 | D:5      | Reached skill level 7 in Spellcasting
  4846 | D:5      | Reached skill level 5 in Fire Magic
  5189 | D:6      | Noticed Pikel
  5230 | D:6      | Noticed a hornet
  5240 | D:6      | Killed a hornet
  5241 | D:6      | Reached XP level 9. HP: 32/46 MP: 9/21
  5312 | D:7      | Found Duhoemeu's General Store.
  5315 | D:7      | Bought a scroll of identify for 22 gold pieces
  5315 | D:7      | Bought a scroll of identify for 22 gold pieces
  5352 | D:7      | Found a snail-covered altar of Cheibriados.
  5357 | D:7      | Found a burning altar of Makhleb.
  5378 | D:7      | Reached skill level 8 in Spellcasting
  5508 | D:7      | Reached skill level 5 in Fighting
  5569 | D:7      | Identified the +0 robe of Agnosticism {rC+ rCorr Int+2}
  5577 | D:7      | Reached skill level 1 in Ice Magic
  5623 | D:6      | Noticed Dowan
  5627 | D:6      | Noticed Duvessa
  5650 | D:6      | Killed Duvessa
  5686 | D:5      | Killed Dowan
  5781 | D:6      | Found Ylem's Book Emporium.
  5850 | D:6      | Learned a level 3 spell: Frozen Ramparts
  5923 | D:6      | Found Ymoguafo's Book Boutique.
  6365 | D:7      | Found a hazy altar of Hepliaklqana.
  6371 | D:7      | Found a glowing golden altar of the Shining One.
  6373 | D:7      | Found a basalt altar of Yredelemnul.
  6373 | D:7      | Found a glowing silver altar of Zin.
  6379 | D:7      | Found an iron altar of Okawaru.
  6499 | D:6      | Killed Pikel
  6500 | D:6      | Reached skill level 1 in Throwing
  6500 | D:6      | Reached skill level 9 in Spellcasting
  6742 | D:7      | Reached XP level 10. HP: 18/53 MP: 5/24
  6841 | D:7      | Found a staircase to the Ecumenical Temple.
  6864 | Temple   | Entered the Ecumenical Temple
  7021 | D:8      | Noticed Prince Ribbit
  7029 | D:8      | Killed Prince Ribbit
  7154 | D:8      | Noticed Joseph
  7186 | D:8      | Killed Joseph
  7400 | D:8      | Reached skill level 10 in Spellcasting
  7528 | D:8      | Noticed Maurice
  7593 | D:6      | Bought a book of Winter for 374 gold pieces
  7597 | D:6      | Learned a level 3 spell: Ozocubu's Armour
  7659 | D:8      | Noticed Maggie
  7688 | D:8      | Killed Maggie
  7790 | D:8      | Noticed Jeremiah
  8351 | D:8      | Killed Jeremiah
  8352 | D:8      | Reached skill level 5 in Ice Magic
  8726 | D:8      | Killed Maurice
  8727 | D:8      | Reached skill level 11 in Spellcasting
  8741 | D:8      | Reached XP level 11. HP: 56/56 MP: 17/27
  9306 | D:9      | Noticed Psyche
  9315 | D:9      | Killed Psyche
  9717 | D:10     | Entered Level 10 of the Dungeon
 10077 | D:10     | Learned a level 3 spell: Vampiric Draining
 10186 | D:10     | Reached skill level 1 in Armour
 10843 | D:10     | Reached skill level 12 in Spellcasting
 10985 | D:11     | Found a staircase to the Orcish Mines.
 10995 | D:11     | Noticed a cyclops
 11019 | D:11     | Killed a cyclops
 11020 | D:11     | Reached skill level 1 in Necromancy
 11108 | D:11     | Found Oxahus's Book Boutique.
 11234 | D:11     | Reached skill level 1 in Translocations
 11571 | D:11     | Learned a level 1 spell: Apportation
 11700 | D:11     | Found a staircase to the Lair.
 11910 | D:11     | Noticed a boulder beetle
 11929 | D:11     | Killed a boulder beetle
 11930 | D:11     | Reached XP level 12. HP: 62/63 MP: 17/29
 13034 | D:6      | Bought Sif Muna's Grimoire of the Hurtful Compass for 352
                  | gold pieces
 13037 | D:6      | Learned a level 2 spell: Blink
 13040 | D:6      | Learned a level 2 spell: Searing Ray
 13045 | D:6      | Learned a level 4 spell: Iskenderun's Mystic Blast
 13182 | Orc:1    | Entered Level 1 of the Orcish Mines
 13758 | Orc:1    | Noticed Jorgrun
 13854 | Lair:1   | Entered Level 1 of the Lair of Beasts
 14388 | Lair:1   | Noticed a catoblepas
 14413 | Lair:1   | Noticed a boulder beetle
 14432 | Lair:1   | Killed a boulder beetle
 14484 | Lair:1   | Reached skill level 1 in Conjurations
 14486 | Lair:1   | Upgraded the game from 0.31.0-9-g3a7656b989 to
                  | 0.31.0-10-gcf4a605ca0
 14490 | Lair:1   | Reached skill level 13 in Spellcasting
 16101 | Lair:2   | Noticed a catoblepas
 16161 | Lair:2   | Reached XP level 13. HP: 68/68 MP: 20/31
 16370 | Lair:2   | Found a hole to the Spider Nest.
 16537 | Lair:2   | Identified the amulet "Cuigis" {Acrobat Will+}
 16581 | Lair:2   | Reached skill level 1 in Alchemy
 18150 | Lair:3   | Reached skill level 5 in Necromancy
 18344 | Lair:3   | Found a staircase to the Swamp.
 19282 | Lair:4   | Reached skill level 14 in Spellcasting
 20134 | D:6      | Bought the Unrestrained Analects for 484 gold pieces
 20139 | D:6      | Learned a level 4 spell: Olgreb's Toxic Radiance
 20144 | D:6      | Learned a level 4 spell: Airstrike
 20149 | D:6      | Learned a level 4 spell: Summon Lightning Spire
 21536 | Lair:4   | Slain by a catoblepas

Illustrated notes

Levels and vault maps discovered:
D:1:      elethiomel_arrival_infinity_welcomes_careful_drivers,
          layout_loops_ring, hangedman_decor_peaks_small, nicolae_hexahallways
D:2:      layout_basic, dreamdust_ecumenical_altar_statues, basic_altar
D:3:      layout_rooms, uniq_terence, uniq_jessica, uniq_natasha
D:4:      layout_loops_cross, nicolae_elyvilon_temple_path, serial_shops, shop,
          nicolae_shop_tiny_glass, shop, shop, kennysheep_mini, uniq_edmund
D:5:      layout_loops_ring, minmay_starry_boxes
D:6:      layout_basic, serial_shops, shop, kennysheep_small_circle,
          uniq_duvessa, uniq_pikel
D:7:      layout_rooms, mainiacjoe_overflow_catwalk_spiral,
          nicolae_overflow_hallway_of_the_gods, minmay_temple_entry_sparse_star,
          nicolae_stop_n_shop_1
D:8:      layout_basic, introduction_to_nature_2, uniq_prince_ribbit1,
          uniq_jeremiah, uniq_maggie, uniq_joseph, uniq_maurice
D:9:      layout_roguey, uniq_psyche
D:10:     layout_stronghold, minmay_statue_bubble
D:11:     layout_basic, erik_lair_island, orc_0_dummy, special_room
          [special_room_orc], serial_shops, nicolae_square_shop,
          fungi_pond_lemuel
Temple:   minmay_temple_curvy_branch
Lair:1:   layout_small_grid, grunt_megastairs_4
Lair:2:   layout_cave_pods, nicolae_spider_entry_lesser_pyramids,
          chequers_serial_rivers_small_a, lemuel_fruit_fields
Lair:3:   layout_roguey, minmay_swamp_entry_reptiles, lemuel_old_faithful,
          lemuel_fruit_fields
Lair:4:   layout_concentric_octagons
Orc:1:    layout_diamond_mine, basic_altar, uniq_jorgrun

Skill      XL: |  1  2  3  4  5  6  7  8  9 10 11 12 13 |
---------------+----------------------------------------+-----
Fighting       | 3 4 5 6 7 8 |  8.2
Long Blades    | 3 |  3.4
Short Blades   | 1 2 3 |  3.6
Spellcasting   | 2 3 4 5 7 9 11 12 13 14 | 14.3
Dodging        | 1 2 3 |  3.7
Fire Magic     | 4 5 6 7 8 |  8.3
Stealth        | 1 2 3 |  3.3
Ice Magic      | 3 5 6 |  6.8
Throwing       | 1 |  1.6
Armour         | 1 3 4 |  4.2
Necromancy     | 2 4 5 |  5.3
Translocations | 1 4 |  4.2
Conjurations   | 1 3 |  3.6
Alchemy        | 2 |  2.5
Air Magic      | |  0.6
Evocations     | |  0.2

Action                     |  1- 3 |  4- 6 |  7- 9 | 10-12 | 13-15 || total
---------------------------+-------+-------+-------+-------+-------++-------
  Melee: Falchion          |    29 |       |     2 |     5 |       ||    36
         Bite              |    28 |    44 |    62 |   138 |    79 ||   351
         Punch             |     2 |       |     4 |     6 |     6 ||    18
         Dagger            |    75 |   140 |   188 |   305 |    78 ||   786
         Scimitar          |       |       |       |    86 |   100 ||   186
  Throw: Dart              |       |     4 |    13 |    23 |    25 ||    65
         Boomerang         |       |       |     8 |    13 |     1 ||    22
   Cast: Scorch            |     5 |    26 |    91 |   137 |    98 ||   357
         Frozen Ramparts   |       |       |    12 |    72 |       ||    84
         Ozocubu's Armour  |       |       |       |    48 |    30 ||    78
         Vampiric Draining |       |       |       |     7 |     6 ||    13
         Apportation       |       |       |       |     1 |    10 ||    11
         Blink             |       |       |       |     1 |     4 ||     5
         Searing Ray       |       |       |       |     1 |       ||     1
         Iskenderun's Myst |       |       |       |       |     4 ||     4
         Olgreb's Toxic Ra |       |       |       |       |     1 ||     1
         Summon Lightning  |       |       |       |       |     1 ||     1
 Invoke: Fiery Armour      |       |     2 |     2 |     2 |       ||     6
  Evoke: Wand              |       |     1 |     2 |       |     2 ||     5
    Use: Scroll            |       |     6 |     5 |     9 |     6 ||    26
         Potion            |       |       |     6 |     2 |     1 ||     9
   Stab: Sleeping          |     1 |     1 |       |       |     2 ||     4
 Armour: Robe              |    43 |    86 |    93 |       |       ||   222
         Skin              |       |       |     9 |       |       ||     9
         Steam dragon scal |       |       |    54 |   263 |       ||   317
         Troll leather arm |       |       |       |   140 |   224 ||   364
  Dodge: Dodged            |    58 |    85 |   109 |   300 |   141 ||   693
